 Dungeon Sprint DCSS version 0.29-a0-320-g9f8742066b (webtiles) character file.

Game seed: 1988256168434118609

19494 mhtbhm the Executioner (level 12, -1/208 HPs)
             Began as a Minotaur Berserker on Apr 2, 2022.
             Was the Champion of Trog.
             Slain by a spark wasp (14 damage)
             ... in the Dungeon (Sprint IX: "|||||||||||||||||||||||||||||").
             The game lasted 00:04:22 (2018 turns).

mhtbhm the Executioner (Minotaur Berserker)         Turns: 2018, Time: 00:04:23

Health: -1/208     AC: 19    Str: 32    XL:     12   Next: 37%
Magic:  11/11      EV: 15    Int:  4    God:    Trog [******]
Gold:   367        SH:  0    Dex: 14    Spells: 11/11 levels left

rFire   . . .      SeeInvis .   j - +1 broad axe of Ussaog {flame, +Blink rElec Str+3}
rCold   + . .      Faith    +   (no shield)
rNeg    . . .      Spirit   .   b - +1 scale mail {rC+}
rPois   +          Reflect  .   (helmet restricted)
rElec   +          Harm     .   q - +0 cloak
rCorr   .          Rampage  .   G - +2 pair of gloves {Dex+3}
Will    .....      NoTele   +   v - +1 pair of boots
Stlth   ..........              A - amulet of faith
HPRegen 0.44/turn               l - +3 ring of strength
MPRegen 0.12/turn               F - ring of poison resistance

@: berserking, very quick
A: horns 2, retaliatory headbutt
a: Renounce Religion, Evoke Blink, Berserk, Trog's Hand, Brothers in Arms


You were in the Dungeon.
You worshipped Trog.
Trog was exalted by your worship.
You visited 1 branch You collected 1828 gold pieces.
You spent 1461 gold pieces at shops.

Inventory:

Hand Weapons
 j - the +1 broad axe of Ussaog (weapon) {flame, +Blink rElec Str+3}
   (You found it in the Dungeon)

   It burns those it strikes, dealing additional fire damage.
   Big, fiery blades are also staple armaments of hydra-hunters.
   Str:       It affects your strength (+3).
   rElec:     It insulates you from electricity.
   +Blink:    It lets you blink.
 n - a +6 vorpal broad axe
 u - a +1 executioner's axe of flaming
Missiles
 w - 4 javelins (quivered)
 x - 5 silver javelins
Armour
 b - a +1 scale mail of cold resistance (worn)
 q - a +0 cloak (worn)
 v - a +1 pair of boots (worn)
 B - a scarf of harm
 G - a +2 pair of gloves of dexterity (worn)
Jewellery
 l - a +3 ring of strength (left hand)
 z - an amulet of the acrobat
 A - an amulet of faith (around neck)
 C - a ring of willpower
 D - a ring of protection from fire
 E - a ring of willpower
 F - a ring of poison resistance (right hand)
Wands
 a - a wand of acid (6)
 y - a wand of iceblast (4)
Scrolls
 h - 5 scrolls of blinking
 k - 2 scrolls of fear
 r - 3 scrolls of enchant armour
 s - 2 scrolls of identify
 t - 4 scrolls of enchant weapon
Potions
 c - 5 potions of curing
 d - 6 potions of heal wounds
 e - 5 potions of haste
 f - 4 potions of magic
 g - a potion of berserk rage
 i - a potion of invisibility
 o - 2 potions of might
 p - a potion of mutation


   Skills:
 + Level 22.9 Fighting
 + Level 23.4 Axes
 + Level 15.2 Armour
 + Level 10.8 Dodging
 + Level 1.3 Stealth
 + Level 3.0 Evocations


You had 11 spell levels left.
You didn't know any spells.
Your spell library was empty.

Dungeon Overview and Level Annotations

Branches:
Dungeon (1/1)

Altars:
Cheibriados
Dithmenos
Elyvilon
Fedhas
Gozag
Hepliaklqana
Kikubaaqudgha
Makhleb
Nemelex Xobeh
Okawaru
Qazlal
Ru
Sif Muna
Trog
Uskayaw
Vehumet
Wu Jian
Xom
Yredelemnul
Zin
The Shining One
Beogh
Jiyva
Lugonu

Shops:
D :[[*


Innate Abilities, Weirdness & Mutations

You have a pair of horns on your head.
You reflexively headbutt those who attack you in melee.


Message History

Trog appreciates your killing of a magic user.
Your Armour skill increases to level 15!
The rakshasa blinks!
Items here: ))))) ††.
You carve the tengu reaver like a turkey!!!
You burn the tengu reaver.
The tengu reaver is heavily wounded.
You hit the rakshasa but do no damage.
The tengu reaver hits you with a +2 halberd.
* * * LOW HITPOINT WARNING * * *
The tengu reaver misses you.
The tengu reaver claws you but does no damage.
Unknown command.
You barely miss the tengu reaver. You headbutt the tengu reaver!
The tengu reaver is severely wounded.
You barely miss the rakshasa.
The rakshasa weaves an illusion.
The spark wasp shimmers and seems to become two!
You slice the tengu reaver!! You burn the tengu reaver!
You kill the tengu reaver!
Trog accepts your kill. Trog grants you a weapon!
Something appears at your feet!
You see here a +1 hand axe.
Trog appreciates your killing of a magic user.
You slash the rakshasa! You burn the rakshasa.
You completely miss the rakshasa.
The rakshasa is moderately wounded.
You slice the spark wasp!! You burn the spark wasp!
You feel the power of Trog in you as your rage grows.
You kill the spark wasp!
The spark wasp's corpse shimmers and vanishes!
The rakshasa gestures at you. The lance of force hits you!
* * * LOW HITPOINT WARNING * * *
You are knocked back by the lance of force.
You collide with the spark wasp!
The spark wasp is moderately wounded.
* * * LOW HITPOINT WARNING * * *
The spark wasp stings you!
You die...

..)†.........'†††......([.'..[[.[
▓▓▓▓▓▓▓▓▓▓▓▓▓▓▓▓▓▓▓▓▓▓▓▓▓▓▓▓▓▓▓▓▓
.................................
▓▓▓▓▓▓▓▓▓▓▓▓▓▓▓▓▓▓▓▓▓▓▓▓▓▓▓▓▓▓▓▓▓
).)))).....))))...∩.∩)∩)∩)....'..
▓▓▓▓▓▓▓▓▓▓▓▓▓▓▓▓▓▓▓▓▓▓▓▓▓▓▓▓▓▓▓▓▓
.......................).........
▓▓▓▓▓▓▓▓▓▓▓▓▓▓▓▓▓▓▓▓▓▓▓▓▓▓▓▓▓▓▓▓▓
[[[=....!.....R)@y......
▓▓▓▓▓▓▓▓▓▓▓▓▓▓▓▓▓▓▓▓▓▓▓▓


You could see a rakshasa and a spark wasp.

Vanquished Creatures
  A tengu reaver (D)
  A frost giant (D)
  Erolcha (D)
  4 hydras (D)
  2 centaur warriors (D)
  A death yak (D)
  Erica (D)
  Urug (D)
  An orc high priest (D)
  A skeletal warrior (D)
  2 orc knights (D)
  2 orc sorcerers (D)
  A manticore (D)
  2 ugly things (D)
  A cyclops (D)
  A gargoyle (D)
  A cane toad (D)
  Psyche (D)
  2 komodo dragons (D)
  3 polar bears (D)
  2 blink frogs (D)
  A slime creature (D)
  A basilisk (D)
  A yak (D)
  2 wraiths (D)
  A vampire mosquito (D)
  5 water moccasins (D)
  11 orc warriors (D)
  6 black bears (D)
  4 bullfrogs (D)
  A scorpion (D)
  A howler monkey (D)
  4 orc priests (D)
  A hound (D)
  2 iguanas (D)
  3 orc wizards (D)
  An ufetubus (D)
  15 orcs (D)
  A ball python (D)
  A giant cockroach (D)
  A goblin (D)
  A quokka (D)
  A bat (D)
97 creatures vanquished.

Vanquished Creatures (collateral kills)
  A boulder beetle (D)
  A two-headed ogre (D)
  A troll (D)
3 creatures vanquished.

Grand Total: 100 creatures vanquished

Notes
Turn   | Place    | Note
-------+----------+-------------------------------------------
     0 | D        | mhtbhm the Minotaur Berserker began the quest for the Orb.
     0 | D        | Reached XP level 1. HP: 19/19 MP: 0/0
     7 | D        | Reached skill level 4 in Axes
    13 | D        | Reached ** piety under Trog
    61 | D        | Noticed a hound
    61 | D        | Noticed an iguana
    61 | D        | Noticed an iguana
    61 | D        | Noticed a scorpion
    65 | D        | Killed a hound
    66 | D        | Reached skill level 5 in Fighting
    66 | D        | Reached skill level 6 in Axes
    66 | D        | Reached XP level 2. HP: 18/30 MP: 1/1
    66 | D        | Reached XP level 3. HP: 22/37 MP: 2/2
    67 | D        | Reached *** piety under Trog
    70 | D        | Reached skill level 7 in Axes
    70 | D        | Reached XP level 4. HP: 43/47 MP: 3/3
    75 | D        | Killed a scorpion
    76 | D        | Reached skill level 8 in Axes
    76 | D        | Reached XP level 5. HP: 46/56 MP: 4/4
    81 | D        | Found a snail-covered altar of Cheibriados.
    81 | D        | Found a shadowy altar of Dithmenos.
    81 | D        | Found a white marble altar of Elyvilon.
    81 | D        | Found a blossoming altar of Fedhas.
    81 | D        | Found an opulent altar of Gozag.
    82 | D        | Found a hazy altar of Hepliaklqana.
    83 | D        | Found a viscous altar of Jiyva.
    84 | D        | Found an ancient bone altar of Kikubaaqudgha.
    85 | D        | Found a corrupted altar of Lugonu.
    86 | D        | Found a burning altar of Makhleb.
    87 | D        | Found a sparkling altar of Nemelex Xobeh.
    88 | D        | Found an iron altar of Okawaru.
    89 | D        | Found a stormy altar of Qazlal.
    90 | D        | Found a sacrificial altar of Ru.
    91 | D        | Found a shimmering blue altar of Sif Muna.
    92 | D        | Found a bloodstained altar of Trog.
    93 | D        | Found a hide-covered altar of Uskayaw.
    94 | D        | Found a radiant altar of Vehumet.
    95 | D        | Found an ornate altar of the Wu Jian Council.
    96 | D        | Found a shimmering altar of Xom.
    97 | D        | Found a basalt altar of Yredelemnul.
    98 | D        | Found a glowing silver altar of Zin.
    99 | D        | Found a glowing golden altar of the Shining One.
   208 | D        | Got the +1 broad axe of Ussaog {flame, +Blink rElec Str+3}
   340 | D        | Noticed a wraith
   340 | D        | Noticed a wraith
   340 | D        | Noticed a yak
   340 | D        | Noticed a gargoyle
   340 | D        | Noticed a vampire mosquito
   345 | D        | Reached **** piety under Trog
   346 | D        | Reached skill level 9 in Axes
   347 | D        | Killed a wraith
   348 | D        | Reached skill level 10 in Fighting
   348 | D        | Reached skill level 10 in Axes
   348 | D        | Reached skill level 5 in Armour
   348 | D        | Reached skill level 5 in Dodging
   348 | D        | Reached XP level 6. HP: 67/67 MP: 5/5
   351 | D        | Killed a wraith
   352 | D        | Reached skill level 11 in Axes
   353 | D        | Killed a yak
   354 | D        | Reached skill level 12 in Axes
   354 | D        | Reached XP level 7. HP: 77/77 MP: 6/6
   357 | D        | Killed a gargoyle
   358 | D        | Reached skill level 13 in Axes
   360 | D        | Killed a vampire mosquito
   360 | D        | Reached ***** piety under Trog
   361 | D        | Reached skill level 14 in Axes
   361 | D        | Reached XP level 8. HP: 86/86 MP: 7/7
   399 | D        | Noticed a two-headed ogre
   399 | D        | Noticed a boulder beetle
   399 | D        | Noticed a troll
   399 | D        | Noticed a centaur warrior
   399 | D        | Noticed a manticore
   399 | D        | Noticed a seven-headed hydra
   402 | D        | Killed a two-headed ogre
   403 | D        | Reached skill level 15 in Axes
   405 | D        | Killed a boulder beetle
   406 | D        | Reached skill level 15 in Fighting
   406 | D        | Reached skill level 16 in Axes
   406 | D        | Reached XP level 9. HP: 54/97 MP: 8/8
   407 | D        | Killed a troll
   420 | D        | Killed a centaur warrior
   421 | D        | Reached skill level 17 in Axes
   423 | D        | Killed a manticore
   424 | D        | Killed a six-headed hydra
   425 | D        | Reached skill level 18 in Axes
   425 | D        | Reached skill level 1 in Evocations
   425 | D        | Reached XP level 10. HP: 40/111 MP: 9/9
   736 | D        | Noticed Erolcha
   750 | D        | Killed Erolcha
   750 | D        | Received a gift from Trog
   938 | D        | Noticed a cane toad
   950 | D        | Reached skill level 19 in Axes
   954 | D        | Killed a cane toad
   967 | D        | Received a gift from Trog
   969 | D        | Reached ****** piety under Trog
  1041 | D        | Noticed a six-headed hydra
  1044 | D        | Noticed a death yak
  1055 | D        | Killed a one-headed hydra
  1056 | D        | Reached skill level 10 in Armour
  1064 | D        | Killed a death yak
  1065 | D        | Reached skill level 20 in Axes
  1069 | D        | Received a gift from Trog
  1070 | D        | Reached XP level 11. HP: 85/123 MP: 10/10
  1228 | D        | Reached skill level 10 in Dodging
  1316 | D        | Noticed Urug
  1317 | D        | Noticed Erica
  1326 | D        | Killed Urug
  1326 | D        | Received a gift from Trog
  1327 | D        | Reached skill level 21 in Axes
  1332 | D        | Killed Erica
  1438 | D        | Received a gift from Trog
  1561 | D        | Noticed an orc knight
  1564 | D        | Received a gift from Trog
  1577 | D        | Killed an orc knight
  1674 | D        | Found Tesois's Book Emporium.
  1674 | D        | Noticed an orc sorcerer
  1675 | D        | Noticed an orc knight
  1678 | D        | Killed an orc sorcerer
  1678 | D        | Received a gift from Trog
  1685 | D        | Killed an orc knight
  1687 | D        | Found Yxzass's Armour Shoppe.
  1691 | D        | Found Tucajiam's Antique Armour Emporium.
  1693 | D        | Found Ylodoz's General Store.
  1695 | D        | Noticed an orc high priest
  1698 | D        | Received a gift from Trog
  1699 | D        | Noticed an orc sorcerer
  1701 | D        | Killed an orc high priest
  1702 | D        | Reached skill level 22 in Axes
  1710 | D        | Killed an orc sorcerer
  1757 | D        | Bought a shiny scale mail for 189 gold pieces
  1764 | D        | Bought 5 silver javelins for 132 gold pieces
  1764 | D        | Bought a wand of iceblast (4) for 88 gold pieces
  1764 | D        | Bought an amulet of the acrobat for 330 gold pieces
  1764 | D        | Bought an amulet of faith for 440 gold pieces
  1764 | D        | Bought a potion of might for 44 gold pieces
  1764 | D        | Bought a scroll of identify for 22 gold pieces
  1766 | D        | Bought an embroidered scarf for 216 gold pieces
  1804 | D        | Noticed Psyche
  1808 | D        | Killed Psyche
  1965 | D        | Noticed a centaur warrior
  1965 | D        | Noticed a seven-headed hydra
  1965 | D        | Noticed a four-headed hydra
  1965 | D        | Noticed a skeletal warrior
  1966 | D        | Noticed a brown ugly thing
  1968 | D        | Killed a centaur warrior
  1969 | D        | Reached skill level 1 in Stealth
  1974 | D        | Killed a two-headed hydra
  1974 | D        | Received a gift from Trog
  1976 | D        | Killed a two-headed hydra
  1977 | D        | Reached XP level 12. HP: 117/137 MP: 11/11
  1991 | D        | Received a gift from Trog
  1995 | D        | Noticed a frost giant
  1997 | D        | Reached skill level 23 in Axes
  2005 | D        | Noticed a rakshasa
  2006 | D        | Noticed a tengu reaver
  2009 | D        | Noticed a spark wasp
  2013 | D        | Killed a frost giant
  2014 | D        | Reached skill level 15 in Armour
  2017 | D        | Killed a tengu reaver
  2017 | D        | Received a gift from Trog
  2018 | D        | Slain by a spark wasp

Illustrated notes

Levels and vault maps discovered:
D:        linesprint [early_d, line_temple, items_1, d_10, items_2, lair_1,
          lair_end, items_3, orc_1, orc_end, items_4, d_15, swamp_1, shoals_1,
          snake_1, spider_1, d_20, vaults_1, items_5, swamp_end, shoals_end,
          snake_end, spider_end, vaults_end, d_27, items_6, zot_1, zot_end,
          crypt_end, forest_end, elf_end, slime_end, tomb_end, abyss_end,
          pan_hell_end]

Skill      XL: |  1  2  3  4  5  6  7  8  9 10 11 12 |
---------------+-------------------------------------+-----
Fighting       | 5 7 8 10 12 13 15 17 19 21 22 | 22.9
Axes           | 6 7 8 10 12 14 16 18 20 22 23 | 23.4
Armour         | 3 4 5 6 7 8 10 14 15 | 15.2
Dodging        | 3 4 5 6 8 9 10 | 10.8
Evocations     | 1 2 3 |  3.0
Stealth        | 1 |  1.3

Action                   |  1- 3 |  4- 6 |  7- 9 | 10-12 || total
-------------------------+-------+-------+-------+-------++-------
Melee: Hand axe          |    19 |     5 |       |       ||    24
       Headbutt          |     3 |     4 |     2 |    36 ||    45
       Broad axe         |       |    11 |    12 |   232 ||   255
       Punch             |       |       |       |     3 ||     3
Invok: Berserk           |     1 |     1 |     1 |     1 ||     4
       Brothers in Arms  |       |       |     1 |       ||     1
Evoke: Wand              |       |       |     4 |       ||     4
  Use: Potion            |       |       |     1 |     1 ||     2
Armor: Animal skin       |     7 |       |       |       ||     7
       Plate armour      |       |     4 |    13 |    60 ||    77
       Scale mail        |       |       |       |    12 ||    12
Dodge: Dodged            |    10 |     3 |    16 |    84 ||   113

Table legend: (Time is in decaauts)
 A = Elapsed time spent in this place.
 B = Non-inter-level travel time spent in this place.
 C = Inter-level travel time spent in this place.
 D = Time resting spent in this place.
 E = Time spent auto-exploring this place.
 F = Levels seen in this place.
 G = Mean time per level.
                   A        B        C        D        E       F      G
               +--------+--------+--------+--------+--------+-----+--------+
         Total |   1966 |   1966 |      0 |    692 |    423 |   1 | 1966.0 |
       Dungeon |   1966 |   1966 |      0 |    692 |    423 |   1 | 1966.0 |
               +--------+--------+--------+--------+--------+-----+--------+

Top non-repeatable levels by time:
       D: 1966 daAuts
